 Dungeon Crawl Stone Soup version 0.23-a0-639-ga9a3373 (console) character file.

133 Duffy the Magician (level 4, -4/30 HPs)
             Began as a Demonspawn Fire Elementalist on Dec 29, 2018.
             Killed by nerve-wracking pain
             ... invoked by an orc priest
              (8 damage)
             ... on level 3 of the Dungeon.
             The game lasted 00:02:32 (3477 turns).

Duffy the Magician (Demonspawn Fire Elementalist)   Turns: 3477, Time: 00:02:32

Health: -4/30      AC:  3    Str:  8    XL:     4   Next: 94%
Magic:  0/9        EV: 12    Int: 18    God:
Gold:   127        SH:  0    Dex: 13    Spells: 2/10 levels left

rFire    . . .     SeeInvis .   (no weapon)
rCold    . . .     Gourm    .   (no shield)
rNeg     . . .     Faith    .   a - +0 robe
rPois    .         Spirit   .   (helmet restricted)
rElec    .         Reflect  .   (no cloak)
rCorr    .         Harm     +   (no gloves)
MR       .....                  (no boots)
Stlth    +++.......             i - amulet of harm
HPRegen  0.10/turn              (no ring)
MPRegen  0.11/turn              (no ring)

@: no status effects
A: horns 1, rugged brown scales 1, nightstalker 1
a: no special abilities


You were on level 3 of the Dungeon.
You were not hungry.

You visited 1 branch of the dungeon, and saw 3 of its levels.

You collected 127 gold pieces.

Inventory:

Missiles
 k - a throwing net (quivered)
Armour
 a - a +0 robe (worn)
Jewellery
 h - an uncursed ring of ice
 i - an amulet of harm (around neck)
Wands
 o - a wand of clouds (3)
Scrolls
 b - 7 scrolls of identify {unknown}
 e - 2 scrolls of magic mapping {unknown}
 f - 5 scrolls of remove curse {unknown}
 n - 2 scrolls of teleportation {unknown}
 p - a scroll of fog {unknown}
Potions
 d - a potion of flight {unknown}
 g - a potion of might {unknown}
 j - a potion of mutation {unknown}
 m - a potion of curing {unknown}
Comestibles
 c - a ration
 l - 2 chunks of flesh


   Skills:
 - Level 1.7 Dodging
 - Level 1.7 Stealth
 + Level 3.6 Spellcasting
 - Level 3.1 Conjurations
 - Level 3.0 Fire Magic


You had 2 spell levels left.
You knew the following spells:

 Your Spells              Type           Power        Failure   Level  Hunger
h - Flame Tongue          Conj/Fire      ##...        4%          1    None
j - Sticky Flame          Conj/Fire      ##......     41%         4    ####...
l - Conjure Flame         Conj/Fire      ##......     13%         3    ###....

Your spell library contained the following spells:

 Spells                   Type           Power        Failure   Level  Hunger
 Throw Flame              Conj/Fire      ##....       7%          2    ##.....
 Inner Flame              Hex/Fire       #.......     24%         3    ###....
 Fireball                 Conj/Fire      ##........   77%         5    ######.


Dungeon Overview and Level Annotations

Branches:
Dungeon (3/15)

Altars:


Innate Abilities, Weirdness & Mutations

You have a pair of small horns on your head.
You are partially covered in rugged brown scales. (AC +1, +3% HP)
You are slightly more attuned to the shadows.


Message History

Aiming: Flame Tongue (safe; 4% risk of failure)
Press: ? - help, Shift-Dir - straight line, f/p - orc priest
Aim: an orc priest, wielding a +0 club and wearing a +0 ring mail (moderately The flame tongue hits the orc priest.
The orc priest is heavily wounded.
The orc hits you but does no damage.
The orc priest calls down the wrath of Beogh upon you.
Beogh smites you!
* * * LOW HITPOINT WARNING * * *
Casting: Flame Tongue (safe; 4% risk of failure)
Confirm with . or Enter, or press ? or * to list all spells.
Aiming: Flame Tongue (safe; 4% risk of failure)
Press: ? - help, Shift-Dir - straight line, f/p - orc priest
Aim: an orc priest, wielding a +0 club and wearing a +0 ring mail (heavily The flame tongue hits the orc priest.
The orc priest is severely wounded.
The orc hits you but does no damage.
The orc priest invokes the aid of Beogh against you.
Pain shoots through your body!
You die...

#.###.###.##...## #.#
#...........<..######.#
#####.###.###.........#
#.# #.# #.#########
#.###.# #.# #.....# #.#
#########.## .....(..#
######@.# #oo# .)...
##%.### ...# .... ...#


You could see an orc priest and an orc.

Vanquished Creatures
  Natasha (D:2)
  4 gnolls (D:2)
  An adder (D:2)
  An ooze (D:2)
  2 worms
  A dart slug (D:1)
  3 leopard geckos
  An orc (D:3)
  2 giant cockroaches
  7 goblins
  5 hobgoblins
  5 kobolds
  4 ball pythons
  4 bats
  2 frilled lizards
  4 rats
47 creatures vanquished.

Notes
Turn   | Place    | Note
-------+----------+-------------------------------------------
     0 | D:1      | Duffy the Demonspawn Fire Elementalist began the quest for
                  | the Orb.
     0 | D:1      | Reached XP level 1. HP: 13/13 MP: 3/3
   282 | D:1      | Gained mutation: You are slightly more attuned to the
                  | shadows. [demonic ancestry]
   282 | D:1      | Reached XP level 2. HP: 15/19 MP: 0/5
  1710 | D:2      | Gained mutation: You have a pair of small horns on your
                  | head. [demonic ancestry]
  1710 | D:2      | Reached XP level 3. HP: 24/24 MP: 4/6
  1715 | D:2      | Learned a level 3 spell: Conjure Flame
  2357 | D:2      | Gained mutation: You are partially covered in rugged brown
                  | scales. (AC +1, +3% HP) [demonic ancestry]
  2357 | D:2      | Reached XP level 4. HP: 9/30 MP: 1/8
  2813 | D:2      | Learned a level 4 spell: Sticky Flame
  3030 | D:2      | Noticed Natasha
  3036 | D:2      | Killed Natasha
  3477 | D:3      | Killed from afar by an orc priest

Vault maps used:
D:1:      minmay_arrival_three_doors
D:2:      nicolae_underground_beach, uniq_natasha
D:3:      uniq_jessica, uniq_grinder

Skill      XL: |  1  2  3  4 |
---------------+-------------+-----
Fire Magic     | 3 |  3.0
Conjurations   | 2 3 |  3.1
Spellcasting   | 3 |  3.6
Dodging        | |  1.7
Stealth        | |  1.7

Action                   |  1- 3 |  4- 6 || total
-------------------------+-------+-------++-------
Melee: Unarmed           |    16 |       ||    16
 Cast: Flame Tongue      |    57 |    40 ||    97
       Conjure Flame     |     1 |       ||     1
  Eat: Chunk             |     4 |     1 ||     5
       Ration            |       |     1 ||     1
Armor: Robe              |     5 |     4 ||     9
Dodge: Dodged            |    24 |     6 ||    30

Table legend:
 A = Non-vault XP
 B = Vault XP
 C = Vault XP percentage of total XP
 D = Non-vault monster count
 E = Vault monster count
 F = Vault count percentage of total count
                 A         B        C        D         E       F
            +---------+---------+-------+---------+---------+-------
      Total |     156 |      35 |  18.3 |      46 |       1 |   2.1
            +---------+---------+-------+---------+---------+-------
        D:1 |      33 |       0 |   0.0 |      19 |       0 |   0.0
        D:2 |     106 |      35 |  24.8 |      19 |       1 |   5.0
        D:3 |      17 |       0 |   0.0 |       8 |       0 |   0.0
            +---------+---------+-------+---------+---------+-------
